 Dungeon Crawl Stone Soup version 0.31-a0-672-g7da72447bb (webtiles) character file.

Game seed: 6569437284004416372

3 prygans the Trooper (level 1, 20/20 HPs)
             Began as a Minotaur Fighter on Sept 4, 2023.
             Quit the game on level 1 of the Dungeon.
             The game lasted 00:00:35 (24 turns).

prygans the Trooper (Minotaur Fighter)                Turns: 24, Time: 00:00:36

Health: 20/20      AC:  7    Str: 20    XL:     1   Next: 41%
Magic:  0/0        EV:  9    Int:  5    God:
Gold:   0          SH:  4    Dex:  9    Spells: 0/0 levels left

rFire   . . .        a - +0 war axe
rCold   . . .        c - +0 buckler
rNeg    . . .        b - +0 scale mail
rPois   .            (helmet restricted)
rElec   .            (no cloak)
rCorr   .            (no gloves)
SInv    .            (no boots)
Will    .....        (no amulet) Stlth
                     (no ring)
HPRegen 0.23/turn    (no ring)
MPRegen 0.07/turn

%: no passive effects
@: mighty
A: horns 2, retaliatory headbutt
a: no special abilities


You were on level 1 of the Dungeon.
You visited 1 branch of the dungeon, and saw 1 of its levels.

Inventory:

Hand Weapons
 a - a +0 war axe (weapon)
Armour
 b - a +0 scale mail (worn)
 c - a +0 buckler (worn)


   Skills:
 + Level 3.7 Fighting
 + Level 2.4 Axes
 + Level 3.7 Armour
 + Level 3.7 Shields


You couldn't memorise any spells.
You didn't know any spells.
Your spell library was empty.

Dungeon Overview and Level Annotations

Branches:
Dungeon (1/15)

Altars:


Innate Abilities, Weirdness & Mutations

You have a pair of horns on your head.
You reflexively headbutt those who attack you in melee.


Message History

Welcome, prygans the Minotaur Fighter.
The marvelous Orb of Zot lies far below, as if waiting for you to find it.
Press ? for a list of commands and other information.
Found a staircase leading out of the dungeon.
You slash the fungus!
The fungus begins to die.
You headbutt the fungus.
The fungus is lightly damaged.
You slash the fungus!
The fungus begins to die.
You slash the fungus! You headbutt the fungus!
The fungus is lightly damaged.
You slash the fungus!
Unknown command.
A nearby fungus withers and dies.
A nearby fungus withers and dies.
A dart slug comes into view.
A bat comes into view.
You barely miss the bat. You hit the plant.
The plant begins to die.
The bat hits you but does no damage. x2
The bat hits you but does no damage.
You miss the bat. You slash the plant!
The plant begins to die.
You hit the plant.
The plant begins to die.
You slash the dart slug!
A nearby plant withers and dies.
You block the bat's attack.
The dart slug briefly extends its eye-stalks.
The dart slug barely misses you.
You barely miss the bat. Your headbutt misses the bat. You hit the plant.
You hit the plant but do no damage. You slash the dart slug!
You kill the dart slug!
A nearby plant withers and dies.
You block the bat's attack.
You hit the bat.
You kill the bat!
You slash the plant!
A nearby plant withers and dies.
You see here a bat corpse.
Unknown command.
You feel very mighty all of a sudden.
Are you sure you want to abandon this character and quit the game? (Confirm with "yes".)

...♣P.P..♣.##
.#..♣.....P..#.#
.....P♣P♣........
P......P...♣....#
.....P...P......#
♣...............#
....P.....P.....#
P......<........#
P.P.P..@....♣...###
♣............P....
.♣.♣.P.....♣..P.##
...^...P....♣....##
.♣......P.....#....
..♣...♣....†......#
.##........♣###...#
.........#. ..#
.......#...# ##


There were no monsters in sight!

Vanquished Creatures
  A dart slug (D:1)
  A bat (D:1)
2 creatures vanquished.

Notes
Turn   | Place    | Note
-------+----------+-------------------------------------------
     0 | D:1      | prygans the Minotaur Fighter began the quest for the Orb.
     0 | D:1      | Reached XP level 1. HP: 19/19 MP: 0/0
    24 | D:1      | Quit the game

Illustrated notes

Levels and vault maps discovered:
D:1:      wander_arrival_fairy_ring, layout_loops_ring,
          dreamdust_ecumenical_altar_angels_and_demons

Action                     || total
---------------------------++-------
  Melee: War axe           ||     6
         Headbutt          ||     2
    Use: Potion            ||     1
 Armour: Scale mail        ||     3
  Dodge: Dodged            ||     1
  Block: Buckler           ||     2

Table legend: (Time is in decaauts)
 A = Elapsed time spent in this place.
 B = Non-inter-level travel time spent in this place.
 C = Inter-level travel time spent in this place.
 D = Time resting spent in this place.
 E = Time spent auto-exploring this place.
 F = Levels seen in this place.
 G = Mean time per level.
                   A        B        C        D        E       F      G
               +--------+--------+--------+--------+--------+-----+--------+
         Total |     26 |     26 |      0 |      0 |      0 |   1 |   26.0 |
       Dungeon |     26 |     26 |      0 |      0 |      0 |   1 |   26.0 |
               +--------+--------+--------+--------+--------+-----+--------+

Top non-repeatable levels by time:
     D:1: 26 daAuts
